 Dungeon Crawl Stone Soup version 0.28.0-43-g3370ac3207 (webtiles) character file.

Game seed: 9321251267583781643

1705 rlgrobin the Cleaver (level 9, -7/75 HPs)
             Began as a Hill Orc Cinder Acolyte on Mar 4, 2022.
             Was an Initiate of Qazlal.
             Killed from afar by an orc wizard (8 damage)
             ... with a puff of flame
             ... on level 5 of the Dungeon.
             The game lasted 00:09:45 (7237 turns).

rlgrobin the Cleaver (Hill Orc Cinder Acolyte)      Turns: 7237, Time: 00:09:46

Health: -7/75      AC:  7    Str: 19 (21) XL:     9   Next: 3%
Magic:  2/13       EV: 11    Int: 17 (20) God:    Qazlal [......]
Gold:   395        SH:  0    Dex:  3 (6)  Spells: 12/14 levels left

rFire   . . .      SeeInvis .   a - +0 hand axe (flame)
rCold   + . .      Faith    .   (no shield)
rNeg    . . .      Spirit   .   r - +3 leather armour {rC+}
rPois   .          Reflect  .   (no helmet)
rElec   .          Harm     .   (no cloak)
rCorr   .          Rampage  .   v - +0 pair of gloves
Will    .....                   (no boots)
Stlth   ..........              (no amulet)
HPRegen 0.22/turn               n - +6 ring of intelligence
MPRegen 0.13/turn               (no ring)

@: about to teleport, fire susceptible
A: no striking features
a: Renounce Religion


You were on level 5 of the Dungeon.
You worshipped Qazlal.
Qazlal was noncommittal.
You visited 2 branches of the dungeon, and saw 8 of its levels.

You collected 395 gold pieces.

Inventory:

Hand Weapons
 a - a +0 hand axe of flaming (weapon)
 b - a +1 hunting sling of freezing
Missiles
 d - 6 poisoned darts
 h - 158 stones (quivered)
 i - 38 bolts
 k - 78 sling bullets
 m - 46 arrows
Armour
 g - a +1 scale mail
 r - a +3 leather armour of cold resistance (worn)
 v - a +0 pair of gloves (worn)
Jewellery
 n - a +6 ring of intelligence (left hand)
 x - a ring of resist corrosion
Wands
 p - a wand of flame (16)
 s - a wand of charming (4)
 t - a wand of digging (4)
Scrolls
 c - 4 scrolls of enchant armour
 e - a scroll of torment
 j - a scroll of blinking {unknown}
 o - a scroll of fog {unknown}
 q - a scroll of noise {unknown}
 u - 2 scrolls of enchant weapon
 w - 2 scrolls of identify {unknown}


   Skills:
 + Level 5.8 Fighting
 + Level 9.3 Axes
 - Level 2.0 Throwing
 - Level 4.0 Armour
 + Level 2.7 Dodging
 - Level 3.0 Spellcasting
 - Level 6.0 Fire Magic


You had 12 spell levels left.
You knew the following spells:

 Your Spells              Type           Power      Damage    Failure   Level
a - Scorch                Fire           44%        2d7       2%          2

Your spell library contained the following spells:

 Spells                   Type           Power      Damage    Failure   Level
 Slow                     Hex            8%         N/A       21%         1
 Blink                    Tloc           4%         N/A       30%         2
 Gell's Gravitas          Tloc           2%         N/A       52%         3
 Lesser Beckoning         Tloc           2%         N/A       52%         3
 Teleport Other           Tloc           2%         N/A       52%         3
 Airstrike                Air            1%         N/A       89%         4
 Summon Lightning Spire   Summ/Air       2%         N/A       89%         4
 Iskenderun's Battlesphe  Conj           2%         2d6       99%         5
 Lightning Bolt           Conj/Air       1%         1d12      99%         5
 Manifold Assault         Tloc           2%         N/A       99%         5
 Silence                  Hex/Air        1%         N/A       99%         5
 Starburst                Conj/Fire      6%         6d4       100%        6
 Storm Form               Tmut/Air       1%         N/A       100%        7


Dungeon Overview and Level Annotations

Branches:
Dungeon (7/15)             Temple (1/1) D:4

Altars:
Ashenzari
Cheibriados
Dithmenos
Elyvilon
Fedhas
Gozag
Hepliaklqana
Kikubaaqudgha
Makhleb
Nemelex Xobeh
Okawaru
Qazlal
Ru
Sif Muna
Trog
Uskayaw
Vehumet
Wu Jian
Xom
Yredelemnul
Zin
The Shining One


Message History

There is a stone staircase leading down here.
You climb downwards.
You hear the sound of rushing water.
There is an entrance to a sewer on this level.
Hurry and find it before the portal rusts away!
The walls and floor vibrate strangely for a moment.
Reactivating autopickup.
Found a sedimented emerald potion and an inky potion.
Found an escape hatch in the floor.
Found a stone staircase leading down.
There is a stone staircase leading up here.
Unknown command.
Unknown command.
Unknown command.
You start resting.
Something hits you.
* * * LOW HITPOINT WARNING * * *
Deactivating autopickup; reactivate with Ctrl-A.
You take 3 damage, and have 1/75 hp.
Unknown command.
Unknown command.
Okay, then.
It was a potion of degeneration.
There was something very wrong with that liquid.
You feel weakened.
You feel dopey.
You feel clumsy. Something hits you.
* * * LOW HITPOINT WARNING * * *
Unknown command.
Unknown command.
Okay, then.
Unknown command.
You aren't carrying any potions.
Unknown command.
Unknown command.
As you read the scroll labelled VOURCH FOEGOY, it crumbles to dust.
You feel strangely unstable.
It was a scroll of teleportation.
You hear some strange, mumbled words.
A puff of flame appears from out of thin air!
The puff of flame hits you!
You die...

.# #§##..#......
....#.#§##..#...###
..#.#.#.##..#...#..
#####.....#z#..÷'...#..
#.........§.....#...#..
#.......###.#...#...#..
#>......# #.#...#...#..
#.......###.#...#...###
##.....@...#.##..#......
#..........#.....#......
#.....{....####..#..)...
#...<......# #..#######
#..........# #.........
#......>..... #z........
...........##.##........[
##........!..#.##.........
#...!.......# #....######


There were no monsters in sight!

Vanquished Creatures
  Sigmund (D:3)
  An orc warrior (D:4)
  Duvessa (D:6)
  A black bear (D:4)
  A sky beast (D:7)
  A necrophage (D:7)
  2 centaurs
  An ogre (D:6)
  2 phantoms (D:5)
  A bullfrog (D:7)
  A water moccasin zombie (D:6)
  Dowan (D:6)
  A water moccasin skeleton (D:4)
  A wight (D:3)
  A howler monkey (D:6)
  4 hounds
  A centaur zombie (D:4)
  3 jellies
  7 adders
  A howler monkey skeleton (D:5)
  3 white imps (D:7)
  A worm (D:2)
  A dart slug (D:1)
  An orc (D:6)
  8 ball pythons
  5 endoplasms
  3 giant cockroaches
  3 goblins (D:3)
  6 hobgoblins
  3 jackals (D:4)
  7 kobolds
  3 quokkas
  7 bats
  3 frilled lizards
  7 rats
94 creatures vanquished.

Vanquished Creatures (collateral kills)
  A quokka (D:3)
1 creature vanquished.

Vanquished Creatures (others)
  36 foxfires (D:6)
36 creatures vanquished.

Grand Total: 131 creatures vanquished

Notes
Turn   | Place    | Note
-------+----------+-------------------------------------------
     0 | D:1      | rlgrobin the Hill Orc Cinder Acolyte began the quest for
                  | the Orb.
     0 | D:1      | Reached XP level 1. HP: 19/19 MP: 2/2
   323 | D:1      | Reached XP level 2. HP: 10/26 MP: 3/3
   590 | D:1      | Learned a level 2 spell: Scorch
   939 | D:1      | Reached skill level 5 in Axes
  1082 | D:1      | Reached XP level 3. HP: 27/31 MP: 4/4
  1580 | D:2      | Found a faded altar of an unknown god.
  1931 | D:2      | Reached skill level 1 in Armour
  2019 | D:2      | Reached XP level 4. HP: 20/39 MP: 6/6
  2903 | D:3      | You fall into a shaft and drop 3 floors!
  3156 | D:7      | Noticed a sky beast
  3165 | D:7      | Killed a sky beast
  3166 | D:7      | Reached XP level 5. HP: 38/45 MP: 0/8
  3294 | D:7      | Noticed a necrophage
  3316 | D:7      | Killed a necrophage
  3317 | D:7      | Reached skill level 6 in Axes
  3317 | D:7      | Reached XP level 6. HP: 51/51 MP: 0/9
  3813 | D:7      | Got the Grimoire of Mezcal
  4043 | D:7      | Reached skill level 5 in Fire Magic
  4043 | D:7      | Reached XP level 7. HP: 34/57 MP: 2/10
  4393 | D:6      | Reached skill level 7 in Axes
  4794 | D:6      | Noticed Dowan
  4808 | D:6      | Noticed Duvessa
  4821 | D:6      | Killed Duvessa
  4823 | D:6      | Killed Dowan
  4824 | D:6      | Reached XP level 8. HP: 41/64 MP: 2/12
  5083 | D:5      | Entered Level 5 of the Dungeon
  5153 | D:5      | Reached skill level 8 in Axes
  5402 | D:5      | Reached skill level 1 in Throwing
  5458 | D:5      | Reached skill level 1 in Dodging
  5509 | D:5      | Gained mutation: You passively dampen the noise of your
                  | surroundings. [potion of mutation]
  5509 | D:5      | Lost mutation: You passively dampen the noise of your
                  | surroundings. [potion of mutation]
  5535 | D:4      | HP: 3/58 [wight/+0 falchion (6)]
  5536 | D:3      | Found a blossoming altar of Fedhas.
  6250 | D:3      | Noticed Sigmund
  6271 | D:3      | Killed Sigmund
  6272 | D:3      | Reached skill level 5 in Fighting
  6807 | D:4      | Found a staircase to the Ecumenical Temple.
  6822 | D:4      | Reached skill level 9 in Axes
  6827 | Temple   | Entered the Ecumenical Temple
  7076 | Temple   | Fell from the grace of Ignis
  7076 | Temple   | Became a worshipper of Qazlal Stormbringer
  7209 | D:4      | Reached XP level 9. HP: 57/75 MP: 0/13
  7227 | D:4      | HP: 3/75 [something (17)]
  7232 | D:5      | HP: 1/75 [something (3)]
  7237 | D:5      | Killed from afar by an orc wizard

Illustrated notes

Levels and vault maps discovered:
D:1:      psy_arrival_radial02, layout_basic
D:2:      layout_loops_corners, ebering_ecumenical_altar_ruins,
          minmay_misc_feat_alley, chequers_avenue, minivault_23,
          grunt_ministairs_7, minivault_19
D:3:      layout_basic, amcnicky_altar_gilded, uniq_sigmund
D:4:      layout_cave_pools, minmay_temple_entry_drinking_statues, uniq_natasha
D:5:      layout_basic, portal_sewer_entry_e, gammafunk_ghost_grave
D:6:      layout_rooms, kennysheep_flooded_box, minivault_24, uniq_duvessa
D:7:      layout_gridville
Temple:   mainiacjoe_temple_archimedes_tessellation

Skill      XL: |  1  2  3  4  5  6  7  8 |
---------------+-------------------------+-----
Axes           | 5 6 7 9 |  9.3
Armour         | 1 2 3 4 |  4.0
Spellcasting   | 2 3 |  3.0
Fire Magic     | 4 5 6 |  6.0
Fighting       | 5 |  5.8
Throwing       | 2 |  2.0
Dodging        | 2 |  2.7

Action                   |  1- 3 |  4- 6 |  7- 9 || total
-------------------------+-------+-------+-------++-------
Melee: Hand axe          |   108 |    57 |   164 ||   329
       Punch             |     2 |     1 |     1 ||     4
 Cast: Scorch            |       |    12 |    38 ||    50
Invok: Foxfire Swarm     |       |       |     2 ||     2
       Fiery Armour      |       |       |     1 ||     1
Evoke: Wand              |       |       |     4 ||     4
  Use: Scroll            |       |     7 |     1 ||     8
       Potion            |       |       |     5 ||     5
Armor: Robe              |    10 |       |       ||    10
       Scale mail        |    34 |    25 |     6 ||    65
       Leather armour    |       |       |    68 ||    68
Dodge: Dodged            |    44 |    41 |   113 ||   198
